 Dungeon Crawl Stone Soup version 0.25-a0-353-ged6d54792d (webtiles) character file.

Game seed: 11149810213788261099, levelgen mode: deterministic

155 PentaManta the Sneak (level 5, 0/25 HPs)
             Began as a Spriggan Assassin on Jan 2, 2020.
             Was a Follower of Okawaru.
             Slain by Purgy (2 damage)
             ... in a sewer.
             The game lasted 00:07:51 (2909 turns).

PentaManta the Sneak (Spriggan Assassin)            Turns: 2909, Time: 00:07:52

Health: 0/25       AC:  3    Str:  7    XL:     5   Next: 14%
Magic:  6/6        EV: 19    Int: 13    God:    Okawaru [*.....]
Gold:   161        SH:  3    Dex: 18    Spells: 4/4 levels left

rFire    . . .     SeeInvis +   a - +2 dagger
rCold    . . .     Gourm    .   (shield restricted)
rNeg     . . .     Faith    .   b - +0 robe
rPois    .         Spirit   .   (helmet restricted)
rElec    .         Reflect  +   c - +0 cloak
rCorr    .         Harm     .   (gloves unavailable)
MR       +....                  (boots unavailable)
Stlth    ++++......             l - +3 amulet of reflection
HPRegen  0.08/turn              h - ring of protection from magic
MPRegen  0.10/turn              (no ring)

@: hasted, very quick
A: very small, unfitting armour, see invisible, herbivore, speed 3, slow
metabolism 2
a: Heroism, Renounce Religion


You were in a sewer.
You worshipped Okawaru.
Okawaru was aware of your devotion.
You were not hungry.

You visited 1 branch of the dungeon, and saw 3 of its levels.
You also visited: Sewer.

You collected 161 gold pieces.

Inventory:

Hand Weapons
 a - a +2 dagger (weapon)
Missiles
 d - 12 poisoned darts (quivered)
Armour
 b - a +0 robe (worn)
 c - a +0 cloak (worn)
Jewellery
 h - a ring of protection from magic (left hand)
 l - a +3 amulet of reflection (around neck)
Scrolls
 g - a scroll of enchant weapon {unknown}
 i - a scroll of remove curse
Potions
 k - a potion of might
 o - a potion of curing
 p - a potion of brilliance
Comestibles
 f - 3 rations


   Skills:
 - Level 1.5 Fighting
 * Level 4.3 Short Blades
 - Level 2.0 Throwing
 * Level 3.9 Dodging
 + Level 7.1 Stealth


You had 4 spell levels left.
You didn't know any spells.
Your spell library was empty.

Dungeon Overview and Level Annotations

Branches:
Dungeon (3/15)              Sewer (1/1)

Altars:
Ashenzari
Fedhas
Okawaru
Vehumet

Annotations:
D:2 exclusion: hungry ghost Sewer Purgy


Innate Abilities, Weirdness & Mutations

You are very small and have problems with some larger weapons.
You are too small for most types of armour.
You have supernaturally acute eyesight. (SInv)
You are a herbivore.
You cover ground extremely quickly.
You need to consume almost no food.


Message History

Purgy looks more healthy.
You barely miss Purgy.
Purgy is almost dead.
Purgy bites you. Purgy claws you. Purgy misses you.
You hit Purgy.
Purgy is almost dead.
You hit Purgy.
Purgy is almost dead.
Purgy looks around nervously.
Purgy bites you.
* * * LOW HITPOINT WARNING * * *
Purgy misses you. You block Purgy's attack.
You hit Purgy.
Purgy is almost dead.
You barely miss Purgy.
Purgy is almost dead.
Purgy bites you.
* * * LOW HITPOINT WARNING * * *
Purgy claws you.
You die...

#≈≈≈≈≈≈≈≈≈≈≈≈≈≈≈≈≈≈≈≈≈≈##
##≈≈≈≈≈≈≈≈≈≈≈≈≈≈≈≈≈≈≈≈≈≈≈###
≈≈≈≈≈≈≈≈≈≈≈≈≈≈≈≈≈≈≈≈≈≈≈≈≈≈≈#
≈≈≈≈≈≈≈≈≈≈≈≈≈≈≈≈≈≈≈≈≈≈≈≈≈≈≈##
≈≈≈≈≈≈≈≈≈≈≈##≈≈≈≈≈≈≈≈≈≈≈≈≈≈≈##
≈≈≈≈≈≈≈≈.≈###.#≈####≈≈≈≈≈≈≈≈≈#≈#
≈≈≈≈≈≈≈(### ###(# #.≈≈≈≈≈≈≈≈≈≈≈
≈≈≈≈≈≈≈≈# #T# ##≈≈≈≈≈≈≈≈≈≈≈
≈≈≈≈≈≈≈(# #@# ##≈≈≈≈≈≈≈≈≈≈
≈≈≈≈≈≈(.# #≈# #.≈≈≈≈≈≈≈≈≈
≈≈≈≈≈≈.## #≈# ##≈≈≈≈≈≈≈≈≈
≈≈≈≈≈.# #.# #≈≈≈≈≈≈≈≈≈ ≈≈≈≈.#
?.? ##†≈≈≈≈≈≈≈ ≈≈≈≈# !∩!
#.≈≈≈≈≈≈≈≈ !?? ###≈≈≈≈≈≈≈ #####
#.≈≈≈≈≈≈≈ #.≈≈≈≈≈≈≈


You could see Purgy.

Vanquished Creatures
  8 adders
  A river rat (D:3)
  2 oozes
  A worm (D:2)
  4 dart slugs
  An orc (D:3)
  3 bats
  4 giant cockroaches
  4 hobgoblins
  2 jackals (D:1)
  4 quokkas (D:2)
  4 ball pythons
  6 frilled lizards
  3 goblins
  4 kobolds
  10 rats
61 creatures vanquished.

Notes
Turn   | Place    | Note
-------+----------+-------------------------------------------
     0 | D:1      | PentaManta the Spriggan Assassin began the quest for the
                  | Orb.
     0 | D:1      | Reached XP level 1. HP: 10/10 MP: 2/2
   120 | D:1      | Reached skill level 6 in Stealth
   173 | D:1      | Found an iron altar of Okawaru.
   182 | D:1      | Reached XP level 2. HP: 14/14 MP: 3/3
   186 | D:1      | Became a worshipper of Warmaster Okawaru
   512 | D:1      | You fall into a shaft and drop 1 floor!
   547 | D:2      | Noticed a hungry ghost
   647 | D:2      | Found a radiant altar of Vehumet.
   697 | D:2      | Reached XP level 3. HP: 15/18 MP: 4/4
   717 | D:2      | Found a blossoming altar of Fedhas.
   955 | D:2      | Reached XP level 4. HP: 7/22 MP: 5/5
  1285 | D:2      | Found a shattered altar of Ashenzari.
  2406 | D:3      | Reached * piety under Okawaru
  2406 | D:3      | Reached skill level 7 in Stealth
  2519 | D:3      | Found a glowing drain.
  2571 | Sewer    | Entered a sewer
  2615 | Sewer    | Reached XP level 5. HP: 11/25 MP: 6/6
  2859 | Sewer    | Noticed Purgy
  2909 | Sewer    | Slain by Purgy

Levels and vault maps discovered:
D:1:      wander_arrival_abandoned_jail, layout_loops_ring,
          serial_co_window_serial, co_window_paths_a, co_window_corner_a,
          co_window_paths_a, co_window_paths_b, co_window_corner_a,
          co_window_paths_b, co_window_paths_a, co_window_2corner,
          co_window_of_opportunity_b, co_window_2corner, co_window_cross_4,
          okawaru_ov_weapons_minmay
D:2:      layout_basic, grunt_temple_overflow_open, lemuel_round_altar,
          minmay_divided_ellipse
D:3:      layout_rooms, first_ration, gup_sewer_entry_bowl, elyvilon_altar_3
Sewer:    sewer_co_purgy_island

Skill      XL: |  1  2  3  4 |
---------------+-------------+-----
Stealth        | 6 7 |  7.1
Dodging        | 2 3 |  3.9
Short Blades   | 3 4 |  4.3
Fighting       | |  1.5
Throwing       | |  2.0

Action                   |  1- 3 |  4- 6 || total
-------------------------+-------+-------++-------
Melee: Dagger            |    91 |   133 ||   224
Throw: Dart              |     5 |    12 ||    17
  Use: Scroll            |       |     7 ||     7
       Potion            |       |     2 ||     2
 Stab: Sleeping          |    10 |     7 ||    17
Armor: Robe              |     8 |    13 ||    21
Dodge: Dodged            |    51 |   113 ||   164
Block: Other             |     2 |    14 ||    16

Table legend:
 A = Non-vault XP
 B = Vault XP
 C = Vault XP percentage of total XP
 D = Non-vault monster count
 E = Vault monster count
 F = Vault count percentage of total count
                 A         B        C        D         E       F
            +---------+---------+-------+---------+---------+-------
      Total |     147 |      75 |  33.8 |      42 |      19 |  31.1
            +---------+---------+-------+---------+---------+-------
        D:1 |      32 |       0 |   0.0 |      14 |       0 |   0.0
        D:2 |      79 |      25 |  24.0 |      21 |       8 |  27.6
        D:3 |      36 |      17 |  32.1 |       7 |       4 |  36.4
      Sewer |       0 |      33 | 100.0 |       0 |       7 | 100.0
            +---------+---------+-------+---------+---------+-------
